AoeStats
← JamesNewstedd

Pilgrims

510190631Analyzed
4v4 RM · 2d ago on Sep 29, 2026· 16m 57s· 8 players
Game mode
Random Map
Map size
Large (8 player)
Population
200
Speed
Normal
Resources
Standard
Victory
Conquest
Starting age
Dark Age
Ending age
Imperial Age
RankedLock teamsTeams togetherTeam positionsShared explorationLock speedFull tech treeHidden civsTurbo modeCheats
Victory
Defeat
🇺🇸 Poles · United States
1668
+11
🇺🇸 Lithuanians · United States
1637
+12
🇩🇰 Mongols · Denmark
1525
+16
🇺🇸 Hindustanis · United States
1500
+17
🇩🇪 Magyars · Germany
1651
-18
🇩🇪 Persians · Germany
1535
-14
🇩🇪 Saracens · Germany
1506
-13
🇩🇪 Chinese · Germany
1464
-11
Scol1ng
5:24 Loom
8:34 Feudal Age
9:21 Double-Bit Axe
12:41 Fletching
105er.DarkSheep
6:05 Loom
13:13 Feudal Age
17:50 Castle Age
15:54 Double-Bit Axe
15:50 Horse Collar
Ned Stark's Bastard
9:21 Loom
12:00 Feudal Age
16:04 Castle Age
14:21 Double-Bit Axe
14:58 Padded Archer Armor
JamesNewstedd
4:00 Loom
12:23 Feudal Age
16:15 Castle Age
14:31 Double-Bit Axe
16:16 Forging
17:01 Bow Saw
Jaxto
8:55 Feudal Age
10:27 Double-Bit Axe
13:30 Forging
17:16 Loom
Lord Longshaft
8:25 Loom
10:35 Feudal Age
11:15 Double-Bit Axe
15:45 Castle Age
16:42 Medium Warships
caterpie
6:22 Loom
11:36 Feudal Age
15:07 Castle Age
13:22 Double-Bit Axe
14:49 Fishing Lines
16:00 Wheelbarrow
16:19 Medium Warships
17:04 Fletching
Almost600
10:43 Feudal Age
9:02 Loom
12:20 Double-Bit Axe
14:36 Castle Age
14:00 Fletching
17:16 Forging
Connection lost

Rejoining the realm…

Still unreachable

The connection could not be restored.

Session expired

The server has moved on; the page needs a fresh start.